 Dungeon Crawl Stone Soup version 0.30-a0-596-g0af90f9a20 (webtiles) character file.

Game seed: 12995236373739843042

13139 drugrobin the Black Belt (level 11, 0/89 HPs)
             Began as a Demigod Delver on Jan 7, 2023.
             Slain by a minotaur
             ... wielding a +0 morningstar of distortion
              (3 damage)
             ... in a Gauntlet.
             The game lasted 00:52:31 (13742 turns).

drugrobin the Black Belt (Demigod Delver)          Turns: 13742, Time: 00:52:32

Health: 0/89       AC: 20    Str: 20    XL:     11   Next: 44%
Magic:  14/14      EV:  8    Int: 12    God:
Gold:   1329       SH:  0    Dex: 23    Spells: 10/10 levels left

rFire   + . .      SeeInvis .      - Unarmed
rCold   + . .      Faith    .    (no shield)
rNeg    . . .      Spirit   .    M - +2 chain mail {rF+}
rPois   .          Reflect  .    (no helmet)
rElec   .          Harm     .    l - +0 cloak of Valiance {rC+ Str+3}
rCorr   .          Rampage  .    F - +0 pair of gloves
Will    +....      NoTele   +    (no boots) Stlth
                                 e - amulet of regeneration
HPRegen 1.14/turn                B - +4 ring of protection
MPRegen 0.14/turn                q - +4 ring of protection

@: hasted, studying Dodging, very quick
A: high MP 1, forlorn, divine attributes
a: no special abilities


You were in a Gauntlet.
You visited 1 branch of the dungeon, and saw 11 of its levels.
You also visited: Bailey and Gauntlet.

You collected 1329 gold pieces.

Inventory:

Hand Weapons
 b - a +1 dagger of venom
 c - a +0 sling of flaming
 E - the +1 quarterstaff of the Briny Deep {spect, rF- Str+5}
   (You found it on level 5 of the Dungeon)

   Str:       It affects your strength (+5).
   rF:        It makes you vulnerable to fire.
Missiles
 a - 16 boomerangs (quivered)
 i - 3 curare-tipped darts
 s - 8 javelins
 A - 44 poisoned darts
Armour
 l - the +0 cloak of Valiance (worn) {rC+ Str+3}
   (You found it in a Gauntlet)

   Str:       It affects your strength (+3).
   rC:        It protects you from cold.
 F - a +0 pair of gloves (worn)
 M - a +2 chain mail of fire resistance (worn)
 N - a +0 cloak
 T - the +1 leather armour of Pyshemo {rElec}
   (You took it off a kobold in a bailey)

   rElec:     It insulates you from electricity.
Magical Staves
 k - a staff of air
Jewellery
 e - an amulet of regeneration (around neck)
 f - an amulet of guardian spirit
 p - a ring of protection from cold
 q - a +4 ring of protection (right hand)
 B - a +4 ring of protection (left hand)
 C - a ring of protection from cold
 K - a ring of resist corrosion
Wands
 L - a wand of iceblast (6)
 Y - a wand of quicksilver (10)
Scrolls
 g - a scroll of identify
 m - 2 scrolls of fog
 v - 7 scrolls of teleportation
 D - 3 scrolls of summoning {unknown}
 G - 2 scrolls of acquirement {unknown}
 H - a scroll of poison {unknown}
 I - 2 scrolls of blinking {unknown}
 P - a scroll of noise {unknown}
 S - 2 scrolls of magic mapping
 X - 3 scrolls of fear
 Z - 2 scrolls of enchant weapon {unknown}
Potions
 h - a potion of flight {unknown}
 j - 2 potions of mutation
 n - a potion of magic {unknown}
 r - 5 potions of curing
 t - 2 potions of cancellation
 u - 6 potions of heal wounds
 J - a potion of lignification {unknown}
 O - a potion of might {unknown}
 Q - a potion of degeneration {unknown}
 W - a potion of berserk rage
Miscellaneous
 U - a condenser vane (inert)


   Skills:
 + Level 6.1 Fighting
 - Level 1.7 Dodging
 - Level 4.5 Stealth
 * Level 15.8 Unarmed Combat
 - Level 4.0 Evocations


You had 10 spell levels left.
You didn't know any spells.
Your spell library contained the following spells:

 Spells                   Type           Power      Damage    Failure   Level
 Foxfire                  Conj/Fire      0%         2x1d4     99%         1
 Magic Dart               Conj           0%         1d3       99%         1
 Call Imp                 Summ           0%         N/A       99%         2
 Cigotuvi's Dreadful Rot  Necr/Pois/Air  0%         N/A       99%         2
 Poisonous Vapours        Pois/Air       0%         N/A       99%         2
 Scorch                   Fire           0%         2d5       99%         2
 Static Discharge         Conj/Air       0%         2-2/arc   99%         2
 Dazzling Flash           Conj/Hex       0%         N/A       100%        3
 Mephitic Cloud           Conj/Pois/Air  0%         N/A       100%        3
 Vhi's Electric Charge    Tloc/Air       0%         N/A       100%        3
 Flame Wave               Conj/Fire      0%         2d4       100%        4
 Iskenderun's Mystic Bla  Conj/Tloc      0%         2d3       100%        4
 Arcjolt                  Conj/Air       0%         1d10      100%        5
 Fireball                 Conj/Fire      0%         3d3       100%        5
 Lightning Bolt           Conj/Air       0%         1d11      100%        5
 Starburst                Conj/Fire      0%         6d3       100%        6
 Summon Cactus Giant      Summ           0%         N/A       100%        6


Dungeon Overview and Level Annotations

Branches:
Dungeon (11/15)            Temple (0/1) D:5             Orc (0/2) D:9
 Bailey (visited)         Gauntlet (1/1)
   Lair: D:8-11

Shops:
D:8 *

Annotations:
D:4 exclusion: door
D:7 3 runed translucent doors, Dordric's ghost, novice DjWr
D:9 3 runed translucent doors, Lianjan's ghost, novice OgFE
D:10 2 runed translucent doors Gauntlet 12 transporters, 9 runed translucent doors


Innate Abilities, Weirdness & Mutations

You have an increased reservoir of magic. (+10% MP)
You shall have no god before yourself.
Your divine heritage dramatically boosts your attributes as you level up.


Message History

Press: ? - help, Shift-Dir - straight line, f/p - minotaur
Aim: a minotaur, wielding a +0 morningstar of distortion, wearing the +13 crystal plate armour "Kualog" {rC+}, wearing the ring of Sovereignty {Fire rPois Str-4 Int+8 Dex+3} and quivering silver javelins (noxious fumes)
The mass of ice explodes!
The iceblast engulfs the minotaur!
The minotaur is lightly wounded.
The minotaur drinks a potion.
The minotaur goes berserk!
Unknown command.
Unknown command.
Unknown command.
Okay, then.
Unknown command.
As you read the scroll labelled ZYRISU ELUE, it crumbles to dust.
You feel a strange sense of stasis.
It was a scroll of teleportation.
Okay, then.
Unknown command.
Unknown command.
Okay, then.
You feel yourself speed up.
The minotaur hits you with a +0 morningstar of distortion!
Space warps around you. The minotaur gores you!
Unknown command.
Unknown command.
The minotaur attacks as you move away!
The minotaur hits you with a +0 morningstar of distortion!!!
* * * LOW HITPOINT WARNING * * *
Space warps horribly around you!
* * * LOW HITPOINT WARNING * * *
The minotaur gores you!
* * * LOW HITPOINT WARNING * * *
The minotaur rages.
Unknown command.
Unknown command.
Unknown command.
Unknown command.
Unknown command.
Unknown command.
Okay, then.
Unknown command.
The minotaur attacks as you move away! The minotaur closely misses you.
The minotaur gores you.
You die...

#8∩8# #=.[# #8.8# ####[.[####
###8.#8.8#.8### #....#...#....#
#.#..#8.8#..#.# #.#..##'##..#.#
#.......H@....# #.#.##.#.##.#.#
#.#....#....#.#
###.#.#######.#.###
#≈...............§# #
####8..©.©.©.©.©.©..8#### ### # #
#8##≈...............§##8# #8# #
#################################
.............≈∩≈.................


You could see a minotaur (berserk).

Vanquished Creatures
  A catoblepas (Gauntlet)
  A two-headed ogre (D:9)
  A tengu warrior (Gauntlet)
  An orc knight (Bailey)
  2 gargoyles
  A tengu conjurer (Gauntlet)
  A troll (D:11)
  A hornet (D:9)
  6 shadows
  A vampire (D:9)
  18 yaks
  A wraith (D:11)
  2 wyverns
  Eustachio (D:5)
  2 water moccasins (D:8)
  2 ice beasts
  A sky beast (D:7)
  9 orc warriors
  3 black bears
  4 ogres
  9 centaurs
  A phantom (D:6)
  Blork the orc (D:5)
  8 kobold brigands
  2 bullfrogs (D:11)
  4 necrophages
  9 scorpions
  8 wights
  A howler monkey (D:10)
  An electric eel (D:9)
  A centaur zombie (D:7)
  A hound (D:6)
  A gnoll bouda (D:6)
  3 orc priests
  3 jellies
  Ijyb (D:4)
  4 iguanas
  11 orc wizards
  A killer bee zombie (D:7)
  4 adders
  6 gnolls
  4 white imps
  An ufetubus (D:5)
  2 worms
  3 dart slugs
  29 orcs
  4 bats
  8 endoplasms
  3 giant cockroaches (D:1)
  9 goblins
  5 hobgoblins
  2 quokkas
  9 ball pythons
  5 frilled lizards
  18 kobolds
  10 rats
251 creatures vanquished.

Vanquished Creatures (others)
  An adder (D:5)
  51 fungi (D:11)
  46 plants
  23 withered plants (Gauntlet)
121 creatures vanquished.

Grand Total: 372 creatures vanquished

Notes
Turn   | Place    | Note
-------+----------+-------------------------------------------
     0 | D:5      | drugrobin the Demigod Delver began the quest for the Orb.
     0 | D:5      | Reached XP level 1. HP: 18/18 MP: 3/3
   120 | D:2      | Reached skill level 2 in Unarmed Combat
   222 | D:1      | Reached XP level 2. HP: 24/25 MP: 4/4
   424 | D:1      | Reached skill level 3 in Unarmed Combat
   675 | D:1      | Reached XP level 3. HP: 28/30 MP: 5/5
  1276 | D:2      | Reached skill level 4 in Unarmed Combat
  1675 | D:3      | Reached XP level 4. HP: 37/37 MP: 6/6
  2498 | D:4      | Noticed a centaur
  2498 | D:4      | Noticed a bullfrog
  2541 | D:4      | Noticed Ijyb
  2551 | D:4      | Paralysed by Ijyb for 2 turns
  2563 | D:4      | Paralysed by Ijyb for 2 turns
  2597 | D:4      | Killed Ijyb
  2874 | D:4      | Reached skill level 5 in Unarmed Combat
  2880 | D:4      | Reached XP level 5. HP: 39/42 MP: 7/7
  2950 | D:4      | Noticed an ogre
  2990 | D:4      | Killed an ogre
  3246 | D:5      | Noticed a centaur
  3246 | D:5      | Noticed a centaur
  3290 | D:4      | Reached skill level 6 in Unarmed Combat
  3449 | D:5      | Reached XP level 6. HP: 42/50 MP: 8/8
  3647 | D:5      | Reached skill level 7 in Unarmed Combat
  3682 | D:5      | Identified the +1 quarterstaff of the Briny Deep {spect,
                  | rF- Str+5}
  4091 | D:5      | Reached XP level 7. HP: 48/56 MP: 9/9
  4316 | D:5      | Noticed Blork the orc
  4333 | D:5      | Reached skill level 8 in Unarmed Combat
  4340 | D:5      | Noticed Eustachio
  4398 | D:5      | Killed Eustachio
  4602 | D:5      | Reached skill level 9 in Unarmed Combat
  4664 | D:5      | Reached XP level 8. HP: 62/62 MP: 10/10
  4812 | D:5      | Found a staircase to the Ecumenical Temple.
  4978 | D:5      | Killed Blork the orc
  4979 | D:5      | Reached skill level 10 in Unarmed Combat
  5795 | D:6      | Reached skill level 11 in Unarmed Combat
  5974 | D:6      | Reached XP level 9. HP: 60/68 MP: 11/11
  6133 | D:6      | Reached skill level 12 in Unarmed Combat
  6893 | D:7      | Reached skill level 13 in Unarmed Combat
  7338 | D:7      | Found a runed translucent gate.
  7339 | D:7      | Found a runed translucent gate.
  7565 | D:7      | Found a runed translucent gate.
  7565 | D:7      | Noticed Dordric's ghost (novice DjWr)
  8409 | D:8      | Found Igel's Lightly-Used Armoury.
  8745 | D:8      | Reached XP level 10. HP: 65/68 MP: 13/13
  9205 | D:9      | Found a flagged portal.
  9246 | Bailey   | Entered a bailey
  9410 | Bailey   | Identified the +1 leather armour of Pyshemo {rElec}
  9479 | Bailey   | Reached skill level 14 in Unarmed Combat
  9489 | Bailey   | Noticed an orc knight
  9534 | Bailey   | Killed an orc knight
  9875 | D:10     | Entered Level 10 of the Dungeon
 10107 | D:9      | Noticed a two-headed ogre
 10123 | D:9      | Killed a two-headed ogre
 10686 | D:9      | Reached skill level 1 in Evocations
 10768 | D:9      | Found a runed translucent gate.
 10768 | D:9      | Found a runed translucent gate.
 10768 | D:9      | Found a runed translucent gate.
 10773 | D:9      | Noticed Lianjan's ghost (novice OgFE)
 11203 | D:9      | Found a staircase to the Orcish Mines.
 11588 | D:9      | Reached skill level 15 in Unarmed Combat
 11972 | D:10     | Found a large runed translucent door.
 11972 | D:10     | Found a large runed translucent door.
 11984 | D:10     | Noticed a naga warrior
 11996 | D:10     | Noticed a centaur warrior
 12058 | D:10     | Reached skill level 5 in Fighting
 12284 | D:10     | Reached XP level 11. HP: 75/86 MP: 14/14
 12878 | D:11     | Found a gate leading to a gauntlet.
 12909 | Gauntlet | Entered a Gauntlet
 12909 | Gauntlet | Found a transporter.
 12919 | Gauntlet | Found a transporter.
 12934 | Gauntlet | Found a transporter.
 12937 | Gauntlet | Noticed a sixfirhy
 12939 | Gauntlet | Found a transporter.
 12954 | Gauntlet | Found a transporter.
 12958 | Gauntlet | Found the +7 captain's cutlass {speed, disarm}
 12972 | Gauntlet | Noticed a sixfirhy
 12973 | Gauntlet | Found a transporter.
 12985 | Gauntlet | Found a transporter.
 12987 | Gauntlet | a glowing shapeshifter changed into an anaconda
 12987 | Gauntlet | Noticed an anaconda (glowing shapeshifter)
 12997 | Gauntlet | Found a transporter.
 13009 | Gauntlet | Found a transporter.
 13019 | Gauntlet | Noticed a quicksilver ooze
 13021 | Gauntlet | Found a transporter.
 13027 | Gauntlet | Found a transporter.
 13027 | Gauntlet | Found a transporter.
 13066 | Gauntlet | Found a transporter.
 13068 | Gauntlet | Found a runed translucent gate.
 13068 | Gauntlet | Found a runed translucent gate.
 13068 | Gauntlet | Found a runed translucent gate.
 13068 | Gauntlet | Noticed a tengu warrior
 13076 | Gauntlet | Found a large runed translucent door.
 13076 | Gauntlet | Found a large runed translucent door.
 13076 | Gauntlet | Found a large runed translucent door.
 13076 | Gauntlet | Found a large runed translucent door.
 13077 | Gauntlet | Found a large runed translucent door.
 13077 | Gauntlet | Found a large runed translucent door.
 13078 | Gauntlet | Found a large runed translucent door.
 13078 | Gauntlet | Found a large runed translucent door.
 13079 | Gauntlet | Found a large runed translucent door.
 13079 | Gauntlet | Found a large runed translucent door.
 13079 | Gauntlet | Found a runed translucent door.
 13079 | Gauntlet | Found a runed translucent door.
 13080 | Gauntlet | Found a large runed translucent door.
 13081 | Gauntlet | Found a large runed translucent door.
 13090 | Gauntlet | Found a large runed translucent door.
 13090 | Gauntlet | Found a large runed translucent door.
 13091 | Gauntlet | Found a large runed translucent door.
 13091 | Gauntlet | Noticed a catoblepas
 13092 | Gauntlet | Found a large runed translucent door.
 13094 | Gauntlet | Found a transporter.
 13094 | Gauntlet | Found a transporter.
 13114 | Gauntlet | Found a transporter.
 13189 | Gauntlet | Noticed a deep troll
 13189 | Gauntlet | Noticed a death drake
 13194 | Gauntlet | Found a transporter.
 13199 | Gauntlet | a deep troll changed into a snapping turtle
 13214 | Gauntlet | a death drake changed into a floating eye
 13216 | Gauntlet | Found a transporter.
 13217 | Gauntlet | an eye of devastation changed into a swamp dragon
 13217 | Gauntlet | Noticed a swamp dragon (glowing shapeshifter)
 13220 | Gauntlet | a swamp dragon changed into a mana viper
 13225 | Gauntlet | a floating eye changed into a lindwurm
 13225 | Gauntlet | Noticed a lindwurm (shapeshifter)
 13281 | Gauntlet | Noticed a steelbarb worm
 13383 | Gauntlet | Killed a catoblepas
 13535 | Gauntlet | Killed a tengu warrior
 13658 | Gauntlet | Identified the +0 cloak of Valiance {rC+ Str+3}
 13731 | Gauntlet | Identified the +13 crystal plate armour "Kualog" {rC+}
 13731 | Gauntlet | Identified the ring of Sovereignty {Fire rPois Str-4 Int+8
                  | Dex+3}
 13731 | Gauntlet | Noticed a minotaur
 13741 | Gauntlet | HP: 2/89 [minotaur/+0 morningstar of distortion (11)]
 13742 | Gauntlet | Slain by a minotaur

Illustrated notes

Levels and vault maps discovered:
D:1:      eino_arrival_druids_welcome, layout_basic
D:2:      layout_basic, minmay_heptomino_w4
D:3:      layout_basic
D:4:      layout_cave_pools, led_sif_book, st_stairs_1, lightli_corner_chamber,
          uniq_ijyb
D:5:      minmay_diamond_boxcup, layout_cave_pods, minmay_temple_entry_waves,
          serial_glass, glass_columns_a, glass_columns_a, dk_noncrumbling_4,
          minmay_manual_mares, uniq_blork_the_orc, uniq_eustachio
D:6:      layout_basic, serial_bayou_crossing
D:7:      layout_basic, nicolae_yredelemnul_ghost_church,
          minmay_misc_feat_pillars
D:8:      layout_gridville, minmay_shop_damaged
D:9:      layout_long_grid, nicolae_overflow_squiral, david_orc_4,
          enter_bailey_8, ebering_ghost_rock_garden
D:10:     okawaru_arena_lexackson, layout_long_grid
D:11:     layout_rooms, due_lair_maze_entry_diamond, gauntlet_entry_generic
Gauntlet: gammafunk_gauntlet_one_two_three [nicolae_gauntlet_swirl,
          minmay_gauntlet_arena_make_your_own_arena,
          gammafunk_gauntlet_arena_grid, nicolae_gauntlet_arena_quarters,
          gammafunk_gauntlet_arena_chambers, gammafunk_gauntlet_arena_hedges,
          gammafunk_gauntlet_arena_split_x, gammafunk_gauntlet_arena_crates,
          nicolae_gauntlet_arena_grate_2,
          nicolae_gauntlet_exit_dead_adventurers]

Skill      XL: |  1  2  3  4  5  6  7  8  9 10 11 |
---------------+----------------------------------+-----
Unarmed Combat | 2 3 4 5 6 7 9 11 13 15 | 15.8
Fighting       | 5 6 |  6.1
Evocations     | 2 4 |  4.0
Dodging        | |  1.7
Stealth        | |  4.5

Action                   |  1- 3 |  4- 6 |  7- 9 | 10-12 || total
-------------------------+-------+-------+-------+-------++-------
Melee: Quarterstaff      |    25 |       |    10 |     3 ||    38
       Unarmed           |   136 |   141 |   326 |   320 ||   923
       Punch             |     5 |     7 |    23 |    32 ||    67
       Dagger            |       |       |       |     7 ||     7
 Fire: Sling             |    34 |     5 |       |       ||    39
       Shortbow          |       |     6 |       |     5 ||    11
Throw: Javelin           |     3 |     4 |    46 |     5 ||    58
       Dart              |       |     4 |    22 |    18 ||    44
       Boomerang         |       |     2 |    31 |     9 ||    42
       Throwing net      |       |     1 |       |       ||     1
Evoke: Wand              |       |     2 |     3 |    14 ||    19
       Condenser vane    |       |       |       |     2 ||     2
  Use: Potion            |       |     3 |     1 |     2 ||     6
       Scroll            |       |     1 |       |    11 ||    12
 Stab: Sleeping          |     2 |       |       |       ||     2
       Held in net/web   |       |     1 |       |       ||     1
       Confused          |       |       |       |     3 ||     3
Armor: Leather armour    |    24 |       |       |       ||    24
       Chain mail        |    43 |    96 |   218 |   234 ||   591
Dodge: Dodged            |    61 |    55 |   100 |   127 ||   343

Table legend: (Time is in decaauts)
 A = Elapsed time spent in this place.
 B = Non-inter-level travel time spent in this place.
 C = Inter-level travel time spent in this place.
 D = Time resting spent in this place.
 E = Time spent auto-exploring this place.
 F = Levels seen in this place.
 G = Mean time per level.
                   A        B        C        D        E       F      G
               +--------+--------+--------+--------+--------+-----+--------+
         Total |  13641 |  13165 |    476 |   1960 |   7540 |  13 | 1049.3 |
       Dungeon |  12373 |  11897 |    476 |   1718 |   7105 |  11 | 1124.8 |
        Bailey |    446 |    446 |      0 |    174 |     74 |   1 |  446.0 |
      Gauntlet |    820 |    820 |      0 |     68 |    361 |   1 |  820.0 |
               +--------+--------+--------+--------+--------+-----+--------+

Top non-repeatable levels by time:
     D:5: 2033 daAuts
     D:9: 1904 daAuts
     D:6: 1339 daAuts
     D:7: 1334 daAuts
    D:10: 1202 daAuts
     D:8: 1084 daAuts
     D:3: 1006 daAuts
     D:4: 886 daAuts
Gauntlet: 820 daAuts
     D:2: 736 daAuts
     D:1: 719 daAuts
  Bailey: 446 daAuts
    D:11: 127 daAuts
